 Dungeon Crawl Stone Soup version 0.28.0-49-g6dfe1f597d (webtiles) character file.

Game seed: 11394363863418635066

45 Exodus22XD the Covered (level 3, -2/33 (34) HPs)
             Began as a Deep Dwarf Fighter on May 14, 2022.
             Slain by Robin
             ... wielding a +0 spear
              (3 damage)
             ... on level 3 of the Dungeon.
             The game lasted 00:01:45 (1012 turns).

Exodus22XD the Covered (Deep Dwarf Fighter)         Turns: 1012, Time: 00:01:45

HP:   -2/33 (34)    AC:  8    Str: 21    XL:     3   Next: 42%
MP:   3/3           EV:  9    Int:  8    God:
Gold: 56            SH:  4    Dex: 12    Spells: 2/2 levels left

rFire   . . .      SeeInvis .   a - +0 war axe
rCold   . . .      Faith    .   c - +0 buckler
rNeg    . . .      Spirit   .   b - +0 scale mail
rPois   .          Reflect  .   (no helmet)
rElec   .          Harm     .   f - +0 cloak
rCorr   .          Rampage  .   (no gloves)
Will    .....                   (no boots)
Stlth   ..........              (no amulet)
HPRegen 0.00/turn               (no ring)
MPRegen 0.08/turn               (no ring)

@: lightly drained
A: damage resistance, heal wounds, sense surroundings 1, no regeneration
a: Heal Wounds


You were on level 3 of the Dungeon.
You visited 1 branch of the dungeon, and saw 3 of its levels.

You collected 56 gold pieces.

Inventory:

Hand Weapons
 a - a +0 war axe (weapon)
Armour
 b - a +0 scale mail (worn)
 c - a +0 buckler (worn)
 f - a +0 cloak (worn)
Jewellery
 o - a +6 ring of intelligence
Scrolls
 e - 2 scrolls of identify {unknown}
 g - a scroll of magic mapping {unknown}
 j - a scroll of fear {unknown}
 k - a scroll of vulnerability {unknown}
 l - a scroll of immolation {unknown}
 p - a scroll of amnesia {unknown}
Potions
 d - a potion of might
 h - 2 potions of cancellation {unknown}
 i - 2 potions of lignification {unknown}
 m - a potion of degeneration {unknown}
 n - a potion of berserk rage {unknown}


   Skills:
 + Level 3.0 Fighting
 + Level 3.1 Axes
 + Level 3.8 Armour
 + Level 3.6 Shields


You had 2 spell levels left.
You didn't know any spells.
Your spell library was empty.

Dungeon Overview and Level Annotations

Branches:
Dungeon (3/15)

Altars:

Annotations:
D:3 Robin


Innate Abilities, Weirdness & Mutations

You are resistant to damage.
You can heal yourself by infusing magical energy.
You passively map a small area around you.
You do not regenerate.


Message History

You closely miss the goblin. You completely miss the quokka.
You hit the hobgoblin.
You kill the hobgoblin!
You block the goblin's attack. Robin throws the goblin at you!
You block the goblin's attack.
The quokka bites you but does no damage.
The goblin completely misses you.
Your Axes skill increases to level 3!
You barely miss the goblin. You hit the quokka. You slash the goblin!
You kill the goblin!
The quokka bites you but does no damage.
The goblin hits you with a +0 dagger.
* * * LOW HITPOINT WARNING * * *
Robin hits you but does no damage. You block the quokka's attack.
The goblin hits you with a +0 dagger.
Your Fighting skill increases to level 3!
You slash the quokka!
You kill the quokka!
You completely miss the goblin.
Robin hits you from afar with a +0 spear.
You block the goblin's attack.
You fail to use your ability.
Robin throws the goblin at you! The goblin barely misses you.
You block the goblin's attack.
You hit the goblin.
You kill the goblin!
You hit the goblin.
You kill the goblin!
You hit the goblin.
You kill the goblin!
Robin hits you but does no damage. You block Robin's attack.
The adder bites you but does no damage. The goblin misses you.
You fail to use your ability.
The adder bites you but does no damage. Robin hits you but does no damage.
The goblin hits you with a +2 dagger of draining.
* * * LOW HITPOINT WARNING * * *
You feel drained.
You completely miss the adder. You barely miss the goblin.
The adder barely misses you.
Robin hits you from afar with a +0 spear.
You die...

* ##########** ,
#.........
###.........
........... *
,.......... , , #.* *
*#........., * #.##
#.Zg...... #...
*#gS!...... * #..##*
#@###.#.#. , #...##
#)###, , , ,
#....###...# ,* ,
#......#...#...
#....#.......... *
##.#..##...###..
#.#...#.....#
*########.........#.#
.........#....#.......


You could see Robin, an adder, a kobold zombie and a goblin (strong).

Vanquished Creatures
  2 dart slugs
  2 bats
  An endoplasm (D:2)
  2 giant cockroaches (D:1)
  10 goblins
  7 hobgoblins
  A quokka (D:3)
  3 ball pythons (D:1)
  5 frilled lizards
  2 kobolds (D:3)
  2 rats (D:1)
37 creatures vanquished.

Notes
Turn   | Place    | Note
-------+----------+-------------------------------------------
     0 | D:1      | Exodus22XD the Deep Dwarf Fighter began the quest for the
                  | Orb.
     0 | D:1      | Reached XP level 1. HP: 20/20 MP: 1/1
   121 | D:1      | Reached XP level 2. HP: 16/27 MP: 2/2
   974 | D:3      | Reached XP level 3. HP: 13/33 MP: 3/3
   999 | D:3      | Noticed Robin
  1011 | D:3      | HP: 1/34 [goblin/+2 dagger of draining[Robin] (2)]
  1012 | D:3      | Slain by Robin

Illustrated notes

Levels and vault maps discovered:
D:1:      dpeg_arrival_short_road, layout_basic
D:2:      layout_rooms
D:3:      layout_rooms, nicolae_tso_besieged_by_evil, uniq_robin, uniq_ijyb

Skill      XL: |  1  2  3 |
---------------+----------+-----
Axes           | 3 |  3.1
Fighting       | 3 |  3.0
Armour         | |  3.8
Shields        | |  3.6

Action                   || total
-------------------------++-------
Melee: War axe           ||    77
Armor: Scale mail        ||    46
Dodge: Dodged            ||    39
Block: Buckler           ||    25
